 Dungeon Crawl Stone Soup version 0.21-a0-442-g848f44b (webtiles) character file.

18572 4thArraOfDagon the Zephyrmancer (level 12, -17/96 HPs)
             Began as a Demigod Summoner on Nov 13, 2017.
             Demolished by a red ugly thing (22 damage)
             ... on level 15 of the Dungeon.
             The game lasted 00:48:57 (7601 turns).

4thArraOfDagon the Zephyrmancer (Demigod Summoner)  Turns: 7601, Time: 00:48:57

Health: -17/96     AC:  9    Str: 13    XL:     12   Next: 2%
Magic:  18/26      EV: 14    Int: 30    God:
Gold:   1087       SH: 10    Dex: 11    Spells: 3/24 levels left

rFire    . . .     SeeInvis .   C - +6 hand axe of Viuvvoif {drain, rElec rC+ Str+2 Dex-5}
rCold    + + .     Gourm    .   L - +2 buckler
rNeg     . . .     Faith    .   z - +2 robe {Archmagi}
rPois    +         Spirit   .   k - +0 helmet
rElec    +         Reflect  +   y - +0 cloak
rCorr    .         Harm     .   (no gloves)
MR       +....                  v - +2 pair of boots {Fly}
Stlth    ++........             p - amulet of Trog's Indignation {Reflect Fragile rPois Int+3 SH+4}
HPRegen  0.26/turn              A - ring of protection from cold
MPRegen  0.20/turn              R - ring of wizardry

@: no status effects
A: high mp 1
a: Evoke Flight


You were on level 15 of the Dungeon.
You were not hungry.

You visited 1 branch of the dungeon, and saw 15 of its levels.
You also visited: Labyrinth and Ossuary.

You collected 1087 gold pieces.

Inventory:

Hand Weapons
 C - the +6 hand axe of Viuvvoif (weapon) {drain, rElec rC+ Str+2 Dex-5}
   (You found it on level 11 of the Dungeon)

   A truly terrible weapon, it drains the life of those it strikes.
   It affects your strength (+2).
   It affects your dexterity (-5).
   It protects you from cold.
   It insulates you from electricity.
Missiles
 U - a throwing net (quivered)
Armour
 g - the cursed +0 helmet of Hifuufuw {rF- Regen+ Str+3 Int+2}
   (You found it in a labyrinth)

   It affects your strength (+3).
   It affects your intelligence (+2).
   It makes you vulnerable to fire.
   It increases your rate of regeneration.
   It has a curse placed upon it.
 k - a +0 helmet (worn)
 v - a +2 pair of boots of flying (worn)
 y - a +0 cloak (worn)
 z - a +2 robe of the Archmagi (worn)
 L - a +2 buckler (worn)
 Y - a +0 troll leather armour
Magical Staves
 K - an uncursed staff of air
Jewellery
 a - an uncursed ring of poison resistance
 p - the amulet of Trog's Indignation (around neck) {Reflect Fragile rPois Int+3 SH+4}
   (You found it in a labyrinth)

   [amulet of reflection]

   It shields you and reflects attacks.
   It affects your intelligence (+3).
   It protects you from poison.
   It will be destroyed if unequipped.
   It affects your SH (+4).
 A - a ring of protection from cold (left hand)
 H - an uncursed ring of flight
 J - an uncursed amulet of faith {unknown}
 R - a ring of wizardry (right hand)
 T - an uncursed ring of protection from cold
Wands
 d - a wand of digging (18/24)
 B - a wand of polymorph (12/24)
 F - a wand of confusion (20/48)
 G - a wand of lightning (5/15)
 M - a wand of iceblast (9/15)
 Q - a wand of scattershot (5/9)
Scrolls
 b - a scroll of enchant armour
 e - 10 scrolls of remove curse
 i - 5 scrolls of recharging {unknown}
 o - 7 scrolls of teleportation {unknown}
 s - 2 scrolls of fog
 t - 2 scrolls of blinking {unknown}
 w - a scroll of enchant weapon
 E - a scroll of fear
 V - a scroll of acquirement
Potions
 f - 3 potions of resistance
 h - a potion of invisibility
 l - 4 potions of haste
 m - 2 potions of ambrosia
 n - 4 potions of heal wounds
 q - a potion of magic
 r - 2 potions of agility
 u - 2 potions of brilliance
 x - a potion of might
 I - 3 potions of lignification
 O - 3 potions of curing
Books
 N - the Handbook of Creative Cold
   (You found it in a labyrinth)

   Spells                             Type                      Level
   a - Freeze                         Ice                          1
   b - Summon Small Mammal            Summoning                    1
   c - Call Canine Familiar           Summoning                    3
   d - Freezing Cloud                 Conjuration/Ice/Air          6
   e - Spellforged Servitor           Conjuration/Summoning        7
 W - a book of the Sky

   Spells                             Type                      Level
   a - Summon Lightning Spire         Summoning/Air                4
   b - Silence                        Hexes/Air                    5
   c - Deflect Missiles               Charms/Air                   6
   d - Conjure Ball Lightning         Conjuration/Air              6
   e - Tornado                        Air                          9
 Z - a book of Air

   Spells                             Type                      Level
   a - Shock                          Conjuration/Air              1
   b - Swiftness                      Charms/Air                   2
   c - Static Discharge               Conjuration/Air              3
   d - Airstrike                      Air                          4
   e - Lightning Bolt                 Conjuration/Air              5
Miscellaneous
 S - a sack of spiders
 X - a crystal ball of energy
Comestibles
 c - 8 bread rations
 j - 9 meat rations
 D - 5 chunks of flesh
 P - 3 royal jellies


   Skills:
 - Level 6.1 Fighting
 - Level 5.0 Dodging
 - Level 1.7 Stealth
 - Level 4.1 Shields
 + Level 6.9 Spellcasting
 - Level 2.2 Conjurations
 - Level 9.2 Summonings
 - Level 2.1 Ice Magic
 * Level 10.9 Air Magic


You had 3 spell levels left.
You knew the following spells:

 Your Spells              Type           Power        Failure   Level  Hunger
a - Summon Small Mammal   Summ           ####         1%          1    None
b - Call Canine Familiar  Summ           #######.     1%          3    None
c - Summon Lightning Spi  Summ/Air       #######.     1%          4    ##.....
d - Throw Icicle          Conj/Ice       #####...     8%          4    ##.....
e - Tornado               Air            #######...   100%        9    #######


Dungeon Overview and Level Annotations

Branches:
Dungeon (14/15)            Temple (0/1) D:4            Lair (0/6) D:8
    Orc (0/2) D:10         Depths (0/5) D:15
 Vaults: D:13-14

Shops:
D:10 (

Annotations:
D:3 EnegeticOcto's ghost, amateur KoAM
D:7 Autsider's ghost, novice GnSk


Innate Abilities, Weirdness & Mutations

You have an increased reservoir of magic. (+10% MP)


Message History

Unknown command.
You barely miss the red ugly thing.
The red ugly thing is heavily wounded.
The red ugly thing engulfs you but does no damage.
A red ugly thing comes into view.
Unknown command.
Unknown command.
Your warg bites the red ugly thing but does no damage.
The red ugly thing closely misses you.
Your warg bites the red ugly thing.
Unknown command.
Unknown command.
You barely miss the red ugly thing.
The red ugly thing is heavily wounded.
The red ugly thing engulfs you!
You are engulfed in flames!!
* * * LOW HITPOINT WARNING * * *
The red ugly thing basks in the mutagenic energy from its kin and changes!
Your warg bites the red ugly thing!
The red ugly thing engulfs you!
* * * LOW HITPOINT WARNING * * *
You are engulfed in flames!!
You die...

#..........# *###
#....[.....# *#..#
#.........(####..#*
*#...............#*
*#...............##
..##..............#
.#*###.......#....#
.* ###.....##...# ,*
####.###.@h## ,* ###
##uu8# ,* ##e.#
,******* ***#.u#
,*,,,,,******#...u.#
,*,,,,,,,,#.u......#
,*,,,,,,,,.u......##
*,,,,,,,,,uu.######
,,,,,,,,,,..,*


You could see 4 ugly things, a deep elf mage, a friendly warg and a friendly
lightning spire.

Vanquished Creatures
  A two-headed ogre (D:12)
  A hippogriff (D:7)
  A wraith (D:12)
  A human (D:9)
  A yak (D:11)
  2 hogs (D:9)
  A hungry ghost (D:10)
  A necrophage (D:10)
  An orc warrior (D:11)
  A phantom (D:8)
  3 slaves (D:4)
  2 ice beasts
  3 centaurs
  2 ogres (D:11)
  2 big kobolds
  6 bullfrogs
  An elf skeleton (D:7)
  A wight (D:7)
  3 killer bees (D:12)
  A howler monkey (D:3)
  6 crimson imps
  A centaur zombie (Ossuary)
  A quasit (D:11)
  4 human zombies
  6 hounds
  2 jellies
  3 centaur skeletons
  An orc priest (D:8)
  2 orc wizards
  A bullfrog skeleton (D:12)
  A human skeleton (D:7)
  2 iguanas
  6 worker ants
  A hound skeleton (D:4)
  2 mummies
  A worker ant zombie (D:10)
  5 adders
  A scorpion zombie (Ossuary)
  A shadow imp (D:5)
  An adder zombie (D:8)
  An adder skeleton (D:6)
  3 leopard geckos
  15 orcs
  A giant cockroach (D:7)
  A gnoll zombie (Ossuary)
  4 goblins
  A hobgoblin (D:2)
  7 jackals
  9 kobolds
  2 quokkas
  3 bats
  A frilled lizard (D:1)
  A goblin zombie (Ossuary)
  A hobgoblin zombie (Ossuary)
  A kobold zombie (Ossuary)
  4 orc zombies (Ossuary)
  5 rats
  A plant (D:8)
144 creatures vanquished.

Vanquished Creatures (collateral kills)
  A minotaur (Lab)
  A great orb of eyes (D:10)
  Erolcha (D:9)
  2 two-headed ogres
  Pikel (D:4)
  A cyclops (D:10)
  An ugly thing (D:15)
  A gargoyle (D:10)
  Psyche (D:7)
  A centaur skeleton (D:15)
  A freezing wraith (D:10)
  A queen bee (D:12)
  3 trolls
  3 hippogriffs
  4 yaks
  2 hogs (D:9)
  3 water moccasins
  An ice beast (D:6)
  A slave (D:4)
  7 orc warriors
  A sky beast (D:10)
  2 centaurs
  3 ogres
  4 bullfrogs
  8 scorpions
  20 killer bees
  A howler monkey (D:10)
  4 crimson imps
  A jelly (D:7)
  3 human zombies (D:7)
  An orc priest (D:11)
  Crazy Yiuf (D:4)
  A gnoll shaman (D:7)
  2 hounds
  An iguana (D:4)
  6 orc wizards
  7 worker ants
  An ogre zombie (D:7)
  A hound skeleton (D:4)
  3 mummies
  4 gnolls (D:7)
  2 scorpion zombies (Ossuary)
  8 adders
  2 shadow imps
  2 oozes
  An adder skeleton (D:6)
  5 leopard geckos
  22 orcs
  2 bats (D:1)
  2 giant cockroaches
  3 goblins
  3 hobgoblins
  A jackal (D:3)
  A quokka (D:5)
  A frilled lizard (D:1)
  2 goblin zombies (Ossuary)
  A hobgoblin zombie (Ossuary)
  4 kobolds
  2 kobold zombies (Ossuary)
  An orc zombie (Ossuary)
  4 rats
181 creatures vanquished.

Vanquished Creatures (others)
  4 scorpions (Ossuary)
  A hound (D:4)
  An orc (D:4)
  2 fungi (D:8)
8 creatures vanquished.

Grand Total: 333 creatures vanquished

Notes
Turn   | Place    | Note
-------+----------+-------------------------------------------
     0 | D:1      | 4thArraOfDagon the Demigod Summoner began the quest for the Orb.
     0 | D:1      | Reached XP level 1. HP: 14/14 MP: 5/5
   219 | D:1      | Reached XP level 2. HP: 18/20 MP: 5/7
   716 | D:3      | Noticed EnegeticOcto's ghost (amateur KoAM)
   773 | D:3      | Reached XP level 3. HP: 9/26 MP: 5/8
   784 | D:3      | Learned a level 3 spell: Call Canine Familiar
   864 | D:3      | Reached skill level 5 in Summonings
   935 | D:2      | Nebukadnezar: spear ?
  1163 | D:3      | Reached XP level 4. HP: 25/33 MP: 4/9
  1230 | D:4      | Found a glowing golden altar of the Shining One.
  1234 | D:4      | Found a stormy altar of Qazlal.
  1317 | D:4      | Found a sand-covered staircase.
  1324 | Ossuary  | Entered an ossuary
  1413 | Ossuary  | Reached XP level 5. HP: 35/38 MP: 7/10
  1689 | Ossuary  | Reached XP level 6. HP: 27/45 MP: 11/11
  1707 | Ossuary  | Learned a level 4 spell: Summon Lightning Spire
  1908 | D:4      | Reached skill level 1 in Air Magic
  2124 | D:4      | Noticed Pikel
  2199 | D:4      | Found a staircase to the Ecumenical Temple.
  2234 | D:4      | Killed Pikel
  2234 | D:4      | Reached skill level 2 in Air Magic
  2234 | D:4      | Reached XP level 7. HP: 25/50 MP: 0/14
  2282 | D:4      | Found a runed door.
  2286 | D:4      | Noticed Crazy Yiuf
  2471 | D:4      | Killed Crazy Yiuf
  2577 | D:5      | Entered Level 5 of the Dungeon
  2686 | D:5      | Reached skill level 3 in Air Magic
  3156 | D:6      | joejoepie: !wontharraofdagon
  3185 | D:6      | joejoepie: woops
  3204 | D:6      | joejoepie: !won 4tharraofdagon
  3204 | D:6      | Reached skill level 4 in Air Magic
  3211 | D:6      | beem: 4tharraofdagon has won 141 times in 13749 games (1.03%): 3xFoWn 2xDEFE 2xDrHu 2xHuFi 2xMfGl 2xMiFi 2xMiGl 2xNaAr 2xTeFE 2xTeVM 2xTrSu 2xVpEn 1xBaAM 1xBaCK 1xBaMo 1xBaTm 1xCeAK 1xCeAM 1xCeBe 1xCeEn 1xCeFi 1xCeHu 1xCeNe 1xCeVM 1xDDBe 1xDDFE 1xDDFi 1xDDWz 1xDESt 1xDgAE 1xDgAs 1xDgEn 1xDgFE 1xDgFi 1xDgHu 1xDrAE 1xDrAK 1xDrFE 1xDrFi 1xDsEE 1xDsNe 1xDsSu 1xFeAE 1xFeAr 1xFeEn 1xFeFE 1xFeIE 1xFeNe 1xFeV...
  3219 | D:6      | 4thArraOfDagon: o hi
  3228 | D:6      | joejoepie: holy shit dude
  3234 | D:6      | joejoepie: Now i know why you have spectators
  3237 | D:6      | Reached XP level 8. HP: 45/57 MP: 16/16
  3240 | D:6      | joejoepie: jesus
  3278 | D:6      | joejoepie: I've yet to win my first game
  3379 | D:6      | 4thArraOfDagon: any success? :)
  3487 | D:6      | joejoepie: Well i got to last level of the Shoals when i finished Lair en Dungeoon and Orc... That's about it :p
  3626 | D:7      | Reached skill level 5 in Air Magic
  3632 | D:7      | Found an ancient bone altar of Kikubaaqudgha.
  3909 | D:7      | Noticed a hippogriff
  3920 | D:7      | Killed a hippogriff
  3935 | D:7      | Noticed a hippogriff
  3946 | D:7      | Killed a hippogriff
  4010 | D:7      | Reached skill level 6 in Air Magic
  4010 | D:7      | Reached XP level 9. HP: 41/62 MP: 19/19
  4074 | D:7      | joejoepie: You always full manual your skills?
  4157 | D:7      | Noticed Autsider's ghost (novice GnSk)
  4259 | D:8      | 4thArraOfDagon: ye
  4267 | D:8      | Reached skill level 1 in Fighting
  4312 | D:8      | Noticed Psyche
  4340 | D:7      | Killed Psyche
  4740 | D:8      | Found a staircase to the Lair.
  4854 | D:9      | Noticed Erolcha
  4868 | D:9      | Killed Erolcha
  4979 | D:9      | Got a steaming spear
  4980 | D:9      | Identified the +7 spear of the Gloaming {antimagic, rPois MR+ Dex+2} (You found it on level 9 of the Dungeon)
  5236 | D:9      | Reached skill level 5 in Dodging
  5236 | D:9      | Reached skill level 1 in Shields
  5351 | D:9      | Learned a level 4 spell: Throw Icicle
  5400 | D:10     | Entered Level 10 of the Dungeon
  5446 | D:10     | Reached XP level 10. HP: 59/80 MP: 16/20
  5541 | D:10     | Noticed a two-headed ogre
  5546 | D:10     | Killed a two-headed ogre
  5546 | D:10     | Reached skill level 5 in Fighting
  5546 | D:10     | Reached skill level 1 in Conjurations
  5546 | D:10     | Reached skill level 1 in Ice Magic
  5685 | D:10     | Noticed a cyclops
  5685 | D:10     | Noticed a great orb of eyes
  5699 | D:10     | Killed a great orb of eyes
  5709 | D:10     | Killed a cyclops
  5832 | D:10     | Reached skill level 7 in Air Magic
  5839 | D:10     | Found Loru's Weapon Boutique.
  5839 | D:10     | Found a staircase to the Orcish Mines.
  5964 | D:10     | joejoepie: is it that mutch better?
  5992 | D:10     | 4thArraOfDagon: https://www.youtube.com/watch?v=2jTg-q6Drt0
  5992 | D:10     | 4thArraOfDagon: well if you know how to train things :)
  6066 | D:10     | joejoepie: i'd better learn i guess xp
  6077 | D:10     | Identified a scroll of acquirement
  6154 | D:10     | Reached skill level 9 in Air Magic
  6154 | D:10     | Reached XP level 11. HP: 89/89 MP: 21/24
  6259 | D:11     | Got a pitted hand axe
  6260 | D:11     | Identified the +6 hand axe of Viuvvoif {drain, rElec rC+ Str+2 Dex-5} (You found it on level 11 of the Dungeon)
  6317 | D:11     | Found a labyrinth entrance.
  6348 | Lab      | Entered a labyrinth
  6359 | Lab      | Learned a level 9 spell: Tornado
  6497 | Lab      | Noticed a minotaur
  6504 | Lab      | Killed a minotaur
  6512 | Lab      | Identified the Handbook of Creative Cold
  6513 | Lab      | Identified the cursed +0 helmet of Hifuufuw {rF- Regen+ Str+3 Int+2} (You found it in a labyrinth)
  6514 | Lab      | Identified the amulet of Trog's Indignation {Reflect Fragile rPois Int+3 SH+4} (You found it in a labyrinth)
  6539 | D:11     | Reached skill level 10 in Air Magic
  6636 | D:11     | Noticed a two-headed ogre
  6645 | D:11     | Killed a two-headed ogre
  7197 | D:12     | Noticed a two-headed ogre
  7205 | D:12     | Killed a two-headed ogre
  7563 | D:13     | You fall through a shaft for 2 floors!
  7563 | D:15     | Entered Level 15 of the Dungeon
  7572 | D:15     | Reached XP level 12. HP: 70/96 MP: 24/26
  7601 | D:15     | Demolished by a red ugly thing

Vault maps used:
D:1:      evilmike_arrival_fibonacci_small
D:2:      gammafunk_temple_overflow_elements, first_bread, serial_glass,
          glass_columns_a, glass_columns_b, glass_columns_b, glass_columns_a
D:3:      due_unseen_surprise
D:4:      grunt_temple_overflow_open, temple_statues,
          nicolae_ossuary_entry_monument, uniq_pikel, uniq_crazy_yiuf_cottage
D:5:      tgw_xom
D:6:      corexii_shack, nemelex_diamond_rough_becter
D:7:      lemuel_mausoleum_altar_kikubaaqudgha
D:8:      nemelex_altar_shiori, dpeg_oklobed_lair, uniq_psyche
D:9:      grunt_livestock, uniq_erolcha
D:10:     hangedman_cross_cluster, orc_david_3
D:11:     lab_entry_generic, minmay_variable_closet
D:12:     serial_shops, shop, nicolae_looking_at_the_future
D:13:     david_vaults_2, enter_trove_1, grunt_decor_cap
D:14:     minmay_holes, uniq_nessos, uniq_agnes
D:15:     hangedman_depths_entry_try_elsewhere_first, minmay_door_square,
          uniq_roxanne
Lab:      labyrinth_watery, nicolae_lab_do_over, nicolae_lab_swirl,
          nicolae_lab_statue
Ossuary:  ossuary_minmay_scorpions

Skill      XL: |  1  2  3  4  5  6  7  8  9 10 11 |
---------------+----------------------------------+-----
Spellcasting   | 2 3 4 6 |  6.9
Summonings     | 4 5 6 7 8 9 |  9.2
Air Magic      | 2 4 6 9 10 | 10.9
Dodging        | 5 |  5.0
Fighting       | 4 6 |  6.1
Shields        | 3 4 |  4.1
Conjurations   | 2 |  2.2
Ice Magic      | 2 |  2.1
Stealth        | |  1.7

Action                   |  1- 3 |  4- 6 |  7- 9 | 10-12 || total
-------------------------+-------+-------+-------+-------++-------
Melee: Club              |    28 |       |       |       ||    28
       Flail             |    47 |   126 |       |       ||   173
       Whip              |       |       |   347 |    73 ||   420
       Hand axe          |       |       |       |   141 ||   141
 Cast: Summon Small Mamm |    26 |    22 |     2 |       ||    50
       Call Canine Famil |     2 |    13 |    30 |    16 ||    61
       Summon Lightning  |       |     1 |     8 |    14 ||    23
 Abil: Stop Flying       |       |       |     1 |       ||     1
  Use: Scroll            |     4 |    10 |     9 |    12 ||    35
       Potion            |       |       |     1 |     2 ||     3
 Stab: Sleeping          |     2 |       |     4 |       ||     6
       Distracted        |     1 |     4 |     7 |     2 ||    14
  Eat: Chunk             |     1 |     1 |    12 |     7 ||    21
       Royal jelly       |     1 |       |     1 |     1 ||     3
       Bread ration      |       |     1 |       |       ||     1
       Fruit             |       |       |       |     3 ||     3
Armor: Robe              |    34 |       |    13 |    64 ||   111
       Ring mail         |       |    40 |   151 |       ||   191
       Leather armour    |       |     5 |       |       ||     5
Dodge: Dodged            |    72 |    80 |   189 |   145 ||   486
Block: Buckler           |       |       |    14 |    89 ||   103
       Reflection        |       |       |       |     3 ||     3

Table legend:
 A = Spawn XP
 B = Non-spawn XP
 C = Spawn XP percentage of total XP
 D = Spawn monster count
 E = Non-spawn monster count
 F = Spawn count percentage of total count
 G = Total turns spent on level
                    A         B        C        D         E        F      G
               +---------+---------+-------+---------+---------+-------+---------
         Total |       0 |   16259 |   0.0 |       0 |     321 |   0.0 |  7601
               +---------+---------+-------+---------+---------+-------+---------
           D:1 |       0 |      16 |   0.0 |       0 |      14 |   0.0 |   265
           D:2 |       0 |      18 |   0.0 |       0 |       8 |   0.0 |   507
           D:3 |       0 |      82 |   0.0 |       0 |      19 |   0.0 |   442
           D:4 |       0 |     597 |   0.0 |       0 |      20 |   0.0 |   789
           D:5 |       0 |     339 |   0.0 |       0 |      20 |   0.0 |   498
           D:6 |       0 |     709 |   0.0 |       0 |      18 |   0.0 |   452
           D:7 |       0 |    1891 |   0.0 |       0 |      52 |   0.0 |   901
           D:8 |       0 |     725 |   0.0 |       0 |      21 |   0.0 |   393
           D:9 |       0 |    1639 |   0.0 |       0 |      18 |   0.0 |   579
          D:10 |       0 |    3993 |   0.0 |       0 |      43 |   0.0 |   873
          D:11 |       0 |    1938 |   0.0 |       0 |      25 |   0.0 |   519
          D:12 |       0 |    2033 |   0.0 |       0 |      28 |   0.0 |   552
          D:13 |       0 |     496 |   0.0 |       0 |       2 |   0.0 |    38
          D:15 |       0 |     780 |   0.0 |       0 |       3 |   0.0 |    38
           Lab |       0 |     630 |   0.0 |       0 |       1 |   0.0 |   175
       Ossuary |       0 |     373 |   0.0 |       0 |      29 |   0.0 |   574
               +---------+---------+-------+---------+---------+-------+---------
